 Dungeon Crawl Stone Soup version 0.30-a0-283-gf371ce1921 (webtiles) character file.

Game seed: 15100951055120489680

3478 Harunobu the Fighter (level 9, 0/85 HPs)
             Began as a Minotaur Monk on Oct 17, 2022.
             Was a Priest of Okawaru.
             Slain by Pikel
             ... wielding a +2 whip of freezing
              (4 damage)
             ... on level 7 of the Dungeon.
             The game lasted 00:16:40 (7695 turns).

Harunobu the Fighter (Minotaur Monk)                Turns: 7695, Time: 00:16:41

Health: 0/85       AC: -3    Str: 23    XL:     9   Next: 79%
Magic:  17/17      EV: 18    Int: 13    God:    Okawaru [***...]
Gold:   368        SH:  0    Dex: 20    Spells: 8/8 levels left

rFire   + . .      SeeInvis .    D - +8 mace of the Enchanted Forest {flame, *Corrode rElec rF+ MP+9}
rCold   . . .      Faith    .    (no shield)
rNeg    . . .      Spirit   .    I - +0 steam dragon scales
rPois   .          Reflect  .    (helmet restricted)
rElec   +          Harm     .    (no cloak)
rCorr   .          Rampage  .    (no gloves)
Will    .....                    (no boots)
Stlth   ++++......               (no amulet)
HPRegen 0.34/turn                y - ring "Husit" {+Blink Str+4 Int+6}
MPRegen 0.15/turn                w - +6 ring of dexterity

@: corroded
A: horns 2, retaliatory headbutt
a: Renounce Religion, Evoke Blink, Heroism


You were on level 7 of the Dungeon.
You worshipped Okawaru.
Okawaru was most pleased with you.
You visited 2 branches of the dungeon, and saw 8 of its levels.

You collected 368 gold pieces.

Inventory:

Hand Weapons
 r - a +2 whip of electrocution
 D - the +8 mace of the Enchanted Forest (weapon) {flame, *Corrode rElec rF+ MP+9}
   (You took it off an orc on level 5 of the Dungeon)

   It burns those it strikes, dealing additional fire damage.
   rF:        It protects you from fire.
   rElec:     It insulates you from electricity.
   MP:        It affects your magic capacity (+9).
   *Corrode:  It may corrode you when you take damage.
Missiles
 j - a throwing net (quivered)
Armour
 q - a +0 scale mail of positive energy
 I - +0 steam dragon scales (worn)
Jewellery
 k - a ring of protection from fire
 w - a +6 ring of dexterity (right hand)
 y - the ring "Husit" (left hand) {+Blink Str+4 Int+6}
   (You found it on level 4 of the Dungeon)

   [ring of intelligence]

   Str:       It affects your strength (+4).
   Int:       It affects your intelligence (+6).
   +Blink:    It lets you blink.
 G - an amulet of magic regeneration
Wands
 m - a wand of flame (4)
 v - a wand of polymorph (11)
Scrolls
 b - a scroll of torment {unknown}
 d - a scroll of identify
 g - a scroll of vulnerability
 n - 3 scrolls of summoning
 o - a scroll of butterflies {unknown}
 s - 2 scrolls of teleportation {unknown}
 t - 2 scrolls of magic mapping
 x - 2 scrolls of blinking {unknown}
 z - 2 scrolls of brand weapon {unknown}
 B - a scroll of enchant weapon {unknown}
 C - 2 scrolls of amnesia {unknown}
 F - a scroll of noise {unknown}
 J - a scroll of poison {unknown}
Potions
 c - a potion of ambrosia
 e - a potion of haste
 f - 3 potions of mutation
 h - 2 potions of curing
 p - a potion of brilliance {unknown}
 u - a potion of might {unknown}
 A - 3 potions of invisibility
 E - 2 potions of flight
 H - 2 potions of attraction {unknown}


   Skills:
 + Level 9.8 Fighting
 + Level 7.0 Maces & Flails
 + Level 9.0 Dodging
 + Level 7.1 Stealth


You had 8 spell levels left.
You didn't know any spells.
Your spell library contained the following spells:

 Spells                   Type           Power      Damage    Failure   Level
 Magic Dart               Conj           0%         1d3       30%         1
 Searing Ray              Conj           0%         2d4       43%         2
 Fulminant Prism          Conj/Hex       0%         3d6       97%         4


Dungeon Overview and Level Annotations

Branches:
Dungeon (7/15)             Temple (1/1) D:6

Altars:
Ashenzari
Dithmenos
Elyvilon
Fedhas
Gozag
Hepliaklqana
Kikubaaqudgha
Nemelex Xobeh
Okawaru
Qazlal
Ru
Sif Muna
Trog
Wu Jian
Yredelemnul
Zin

Shops:
D:4 (   D:5 !   D:7 (

Annotations:
D:7 Pikel


Innate Abilities, Weirdness & Mutations

You have a pair of horns on your head.
You reflexively headbutt those who attack you in melee.


Message History

Pikel freezes you.
Your corrosive artefact corrodes you!
The lemure barely misses you.
You hit the lemure. You burn the lemure. Your headbutt misses the lemure.
Your punch misses the lemure.
The lemure is almost dead.
The lemure completely misses you.
Pikel hits you with a +2 whip of freezing!
Pikel freezes you. The lemure closely misses you. You furiously retaliate!
You headbutt the lemure. You sock Pikel! You burn Pikel.
You headbutt Pikel, but do no damage.
Pikel is severely wounded.
The lemure misses you.
Pikel hits you with a +2 whip of freezing!
* * * LOW HITPOINT WARNING * * *
Pikel freezes you.
* * * LOW HITPOINT WARNING * * *
The lemure misses you.
You barely miss Pikel.
Pikel is severely wounded.
The lemure completely misses you. You furiously retaliate!
You headbutt the lemure.
You kill the lemure!
That felt strangely unrewarding.
Pikel drinks a potion.
Pikel is healed!
The lemure hits you.
* * * LOW HITPOINT WARNING * * *
Your corrosive artefact corrodes you!
You feel much better. The lemure barely misses you. Pikel barely misses you.
You barely miss Pikel. You headbutt Pikel.
Pikel is heavily wounded.
The lemure hits you!
* * * LOW HITPOINT WARNING * * *
Pikel misses you.
You hit Pikel but do no damage. Your headbutt misses Pikel.
Pikel is moderately wounded.
The lemure hits you!
* * * LOW HITPOINT WARNING * * *
Pikel hits you with a +2 whip of freezing!
* * * LOW HITPOINT WARNING * * *
Pikel freezes you.
You die...

#...###.....#
#......##.#.........#
#......##.#######....
#......##+## #.....#
##..........# #.#...#
+...........# #.##...
#...........# # ###..
#.#$5K.....## ..#.#
#....@......# #.#..
#...........# #.###
#...........# ##.#..
#...........# #....#
.............# #....#
..............#
#.....
..............#
#.....
..............#
#..... .$...........#
#....#


You could see Pikel and a lemure.

Vanquished Creatures
  The ghost of twist the Changer, a novice OpTm of Gozag (D:5)
  Prince Ribbit (D:7)
  The ghost of Harunobu the Trooper, an amateur MiMo of the Shining One (D:5)
  A steam dragon (D:6)
  Duvessa (D:7)
  A water moccasin (D:5)
  An orc warrior (D:6)
  2 ice beasts
  A black bear (D:5)
  An ogre (D:4)
  A centaur (D:6)
  3 lemures (D:7)
  2 kobold brigands
  A bullfrog (D:7)
  4 necrophages
  A gnoll sergeant (D:5)
  A scorpion (D:5)
  7 wights
  Dowan (D:7)
  A howler monkey (D:6)
  4 orc priests
  4 hounds
  A jelly (D:5)
  2 iguanas
  11 orc wizards
  13 gnolls
  11 adders
  2 shadow imps
  2 white imps (D:6)
  2 worms
  A dart slug (D:3)
  49 orcs
  6 ball pythons
  4 endoplasms
  5 giant cockroaches
  12 goblins
  4 hobgoblins
  2 jackals (D:1)
  21 kobolds
  4 quokkas
  12 bats
  2 frilled lizards
  2 rats (D:2)
209 creatures vanquished.

Vanquished Creatures (others)
  6 plants (D:2)
6 creatures vanquished.

Grand Total: 215 creatures vanquished

Notes
Turn   | Place    | Note
-------+----------+-------------------------------------------
     0 | D:1      | Harunobu the Minotaur Monk began the quest for the Orb.
     0 | D:1      | Reached XP level 1. HP: 19/19 MP: 0/0
   220 | D:1      | Reached XP level 2. HP: 19/27 MP: 1/1
   504 | D:1      | Found a faded altar of an unknown god.
   613 | D:1      | Reached XP level 3. HP: 33/33 MP: 2/2
  1129 | D:2      | Found an ornate altar of the Wu Jian Council.
  1471 | D:3      | Reached XP level 4. HP: 41/41 MP: 3/3
  1718 | D:3      | Reached skill level 5 in Fighting
  1718 | D:3      | Reached XP level 5. HP: 44/48 MP: 4/4
  1825 | D:3      | Found a broken altar of Ashenzari.
  2152 | D:3      | HP: 1/48 [iguana (3)]
  2268 | D:3      | Reached skill level 5 in Dodging
  2281 | D:3      | Reached XP level 6. HP: 46/56 MP: 5/5
  2794 | D:4      | Identified the ring "Husit" {+Blink Str+4 Int+6}
  3047 | D:4      | Found Zalepo's Antique Weapon Shoppe.
  3505 | D:4      | Reached XP level 7. HP: 58/64 MP: 6/6
  3737 | D:5      | Entered Level 5 of the Dungeon
  3745 | D:5      | HP: 3/64 [gnoll/+0 halberd (12)]
  3977 | D:5      | Identified the +8 mace of the Enchanted Forest {flame,
                  | *Corrode rElec rF+ MP+9}
  4336 | D:5      | Found Obahez's Distillery.
  4449 | D:5      | Reached skill level 5 in Stealth
  4489 | D:5      | Found a runed translucent gate.
  4489 | D:5      | Found a runed translucent gate.
  4489 | D:5      | Found a runed translucent gate.
  4490 | D:5      | Noticed Harunobu's ghost (amateur MiMo)
  4490 | D:5      | Noticed twist's ghost (novice OpTm)
  4533 | D:5      | Reached XP level 8. HP: 62/73 MP: 7/7
  5539 | D:5      | Killed Harunobu's ghost
  5544 | D:5      | Killed twist's ghost
  5723 | D:6      | Reached skill level 5 in Maces & Flails
  5766 | D:6      | Reached XP level 9. HP: 61/82 MP: 8/8
  5857 | D:6      | Found a staircase to the Ecumenical Temple.
  5877 | Temple   | Entered the Ecumenical Temple
  5950 | Temple   | Became a worshipper of Warmaster Okawaru
  5950 | Temple   | Reached * piety under Okawaru
  5950 | Temple   | Reached ** piety under Okawaru
  7078 | D:7      | Noticed Duvessa
  7082 | D:7      | Noticed Dowan
  7088 | D:7      | Killed Duvessa
  7088 | D:7      | Noticed Prince Ribbit
  7122 | D:7      | Killed Prince Ribbit
  7129 | D:7      | Killed Dowan
  7312 | D:7      | Found Unkoucuz's Antique Weapon Shoppe.
  7395 | D:7      | Reached *** piety under Okawaru
  7677 | D:7      | Noticed Pikel
  7695 | D:7      | HP: 4/85 [Pikel/+2 whip of freezing (9)]
  7695 | D:7      | Slain by Pikel

Illustrated notes

Levels and vault maps discovered:
D:1:      ebering_hopf_link, layout_basic, basic_ecumenical_altar,
          minmay_fountain_box, kennysheep_decorative_pillar,
          minmay_tiny_reverse_x
D:2:      minmay_diamond_boxcup, layout_rooms, basic_altar,
          serial_bayou_lagoon_b
D:3:      layout_rooms, amcnicky_altar_gilded
D:4:      layout_basic, serial_shops, nicolae_shop_behind_doors
D:5:      layout_gridville, gammafunk_ghost_cemetery, serial_rivers,
          chequers_serial_rivers_micro_b, chequers_serial_rivers_small_b,
          chequers_serial_rivers_small_3, chequers_serial_rivers_small_b,
          chequers_serial_rivers_micro_b, chequers_serial_rivers_small_b,
          serial_shops, shop, minmay_misc_feat_diagonals, minivault_5
D:6:      layout_cave_pools, minmay_temple_entry_large_hall,
          serial_park_tiny_pond
D:7:      layout_basic, serial_shops, shop, uniq_maggie, uniq_duvessa,
          uniq_pikel, uniq_prince_ribbit1
Temple:   nicolae_temple_x_marks_the_god

Skill      XL: |  1  2  3  4  5  6  7  8  9 |
---------------+----------------------------+-----
Stealth        | 2 3 4 5 6 7 |  7.1
Fighting       | 4 5 6 7 8 9 |  9.8
Dodging        | 4 5 6 7 9 |  9.0
Maces & Flails | 5 7 |  7.0

Action                   |  1- 3 |  4- 6 |  7- 9 || total
-------------------------+-------+-------+-------++-------
Melee: Mace              |    38 |       |   135 ||   173
       Headbutt          |    10 |    15 |    47 ||    72
       Short sword       |    30 |       |       ||    30
       Hand axe          |    17 |    50 |       ||    67
       Punch             |       |     1 |     2 ||     3
       Whip              |       |    81 |    94 ||   175
       Unarmed           |       |       |    34 ||    34
  Use: Potion            |       |     1 |     4 ||     5
       Scroll            |       |       |     8 ||     8
 Stab: Sleeping          |     5 |       |     1 ||     6
Armor: Robe              |    12 |     1 |       ||    13
       Scale mail        |       |    47 |    40 ||    87
       Steam dragon scal |       |       |    31 ||    31
       Skin              |       |       |     7 ||     7
Dodge: Dodged            |    82 |    94 |   274 ||   450

Table legend: (Time is in decaauts)
 A = Elapsed time spent in this place.
 B = Non-inter-level travel time spent in this place.
 C = Inter-level travel time spent in this place.
 D = Time resting spent in this place.
 E = Time spent auto-exploring this place.
 F = Levels seen in this place.
 G = Mean time per level.
                   A        B        C        D        E       F      G
               +--------+--------+--------+--------+--------+-----+--------+
         Total |   7733 |   7555 |    178 |   3041 |   2924 |   8 |  966.6 |
       Dungeon |   7088 |   6915 |    173 |   2474 |   2924 |   7 | 1012.6 |
        Temple |    645 |    640 |      5 |    567 |      0 |   1 |  645.0 |
               +--------+--------+--------+--------+--------+-----+--------+

Top non-repeatable levels by time:
     D:5: 1839 daAuts
     D:2: 1351 daAuts
     D:4: 1172 daAuts
     D:1: 788 daAuts
     D:6: 725 daAuts
     D:7: 656 daAuts
  Temple: 645 daAuts
     D:3: 555 daAuts
